 Dungeon Crawl Stone Soup version 0.25-a0-317-g5f8687b (webtiles) character file.

Game seed: 3449819946454376624, levelgen mode: deterministic

877 DrainTheShoals the Slinger (level 8, -8/61 HPs)
             Began as a Halfling Hunter on Dec 25, 2019.
             Mangled by a hornet (17 damage)
             ... on level 4 of the Dungeon.
             The game lasted 00:13:13 (4927 turns).

DrainTheShoals the Slinger (Halfling Hunter)        Turns: 4927, Time: 00:13:14

Health: -8/61      AC:  3    Str: 13    XL:     8   Next: 25%
Magic:  8/8        EV: 17    Int:  9    God:
Gold:   189        SH:  0    Dex: 17    Spells: 7/7 levels left

rFire    . . .     SeeInvis .   a - +2 hunting sling
rCold    . . .     Gourm    .   (shield restricted)
rNeg     . . .     Faith    .   c - +0 leather armour
rPois    .         Spirit   .   (no helmet)
rElec    .         Reflect  .   (no cloak)
rCorr    .         Harm     .   (no gloves)
MR       .....                  (no boots)
Stlth    ++........             (no amulet)
HPRegen  0.20/turn              (no ring)
MPRegen  0.11/turn              (no ring)

@: lethally poisoned (-8 -> -10), very slightly contaminated, invisible
A: small, mutation resistance 1, robust 2
a: no special abilities


You were on level 4 of the Dungeon.
You were very hungry.

You visited 1 branch of the dungeon, and saw 5 of its levels.

You collected 189 gold pieces.

Inventory:

Hand Weapons
 a - a +2 hunting sling (weapon)
 b - a +0 short sword
Missiles
 d - 40 sling bullets (quivered)
 e - 86 stones
Armour
 c - a +0 leather armour (worn)
Jewellery
 q - an uncursed amulet of guardian spirit
 w - an uncursed ring of protection from magic {unknown}
Scrolls
 g - 2 scrolls of remove curse
 k - a scroll of enchant weapon
 l - a scroll of teleportation
 m - 8 scrolls of identify
 o - a scroll of magic mapping {unknown}
 r - a scroll of blinking {unknown}
 t - 3 scrolls of amnesia {unknown}
 u - a scroll of noise {unknown}
Potions
 h - a potion of lignification {unknown}
 j - 2 potions of haste {unknown}
 p - a potion of might
 s - a potion of curing
 v - a potion of flight {unknown}
Comestibles
 f - 6 rations


   Skills:
 + Level 2.9 Fighting
 - Level 12.0 Slings
 * Level 4.5 Dodging
 - Level 1.1 Stealth


You had 7 spell levels left.
You didn't know any spells.
Your spell library was empty.

Dungeon Overview and Level Annotations

Branches:
Dungeon (5/15)
 Temple: D:4-7

Altars:
Gozag
The Shining One

Annotations:
D:4 Edmund


Innate Abilities, Weirdness & Mutations

You are small and have problems with some larger weapons.
You are somewhat resistant to further mutation.
You are very robust. (+20% HP)


Message History

The hornet stings you!
* * * LOW HITPOINT WARNING * * *
You feel yourself slow down. The hornet closely misses you.
You are too injured to fight recklessly!
You fade into invisibility!
You feel yourself speed up. The hornet stings you.
* * * LOW HITPOINT WARNING * * *
You are poisoned.
You feel yourself slow down. The hornet barely misses you.
You are very lightly contaminated with residual magic.
You feel yourself speed up.
You feel sick. The hornet closely misses you. x2
You feel sick. The hornet completely misses you.
You feel sick.
There is a stone staircase leading up here.
You feel sick. The hornet misses you. The hornet stings you!
You die...

..##..................###
........####....[....#..##
........##.....##........#
........................###
..........................#.#
.............................#
......##.##.........>..##....#
...........##.......##.##...##
......##........@......#..###
#.##..##.......y.....#.....#
...#..##......<......#...##
.....#.#..(.......##.....#
...#y..#..(......##....###
.####....##.......##....#
....##...#.........#...##
...................#####
......###.(.........#


You could see a hornet.

Vanquished Creatures
  Eustachio (D:5)
  An ice beast (D:5)
  A centaur (D:5)
  A crimson imp (D:5)
  2 hounds
  An orc priest (D:3)
  3 iguanas
  A jelly (D:4)
  Terence (D:2)
  5 worker ants
  Robin (D:1)
  4 gnolls (D:2)
  2 adders
  3 oozes
  4 worms
  A dart slug (D:1)
  2 leopard geckos
  6 orcs
  2 ball pythons
  4 giant cockroaches
  16 goblins
  9 hobgoblins
  6 jackals
  A quokka (D:5)
  3 bats
  6 frilled lizards
  6 kobolds
  A quokka skeleton (D:4)
  18 rats
112 creatures vanquished.

Notes
Turn   | Place    | Note
-------+----------+-------------------------------------------
     0 | D:1      | DrainTheShoals the Halfling Hunter began the quest for the
                  | Orb.
     0 | D:1      | Reached XP level 1. HP: 14/14 MP: 1/1
     4 | D:1      | Reached skill level 6 in Slings
    14 | D:1      | Reached XP level 2. HP: 19/19 MP: 2/2
   158 | D:1      | Reached skill level 7 in Slings
   158 | D:1      | Reached XP level 3. HP: 24/24 MP: 3/3
   643 | D:1      | Gained mutation: You are robust. (+10% HP) [potion of
                  | mutation]
   643 | D:1      | Gained mutation: You are very robust. (+20% HP) [potion of
                  | mutation]
   709 | D:2      | Reached XP level 4. HP: 34/34 MP: 4/4
   753 | D:2      | Noticed Robin
   820 | D:2      | Noticed Terence
   825 | D:2      | Reached skill level 8 in Slings
  1304 | D:1      | Killed Robin
  1625 | D:2      | Reached XP level 5. HP: 40/40 MP: 5/5
  1745 | D:2      | Reached skill level 9 in Slings
  1826 | D:2      | Killed Terence
  2245 | D:3      | Reached XP level 6. HP: 46/46 MP: 6/6
  2991 | D:4      | Reached skill level 10 in Slings
  3529 | D:4      | Found a glowing golden altar of the Shining One.
  3551 | D:4      | Reached skill level 11 in Slings
  3551 | D:4      | Reached XP level 7. HP: 42/52 MP: 7/7
  3648 | D:5      | Entered Level 5 of the Dungeon
  3686 | D:5      | Noticed a hornet
  4190 | D:5      | Found an opulent altar of Gozag.
  4233 | D:5      | Reached skill level 12 in Slings
  4359 | D:5      | Noticed Edmund
  4622 | D:5      | Reached XP level 8. HP: 46/61 MP: 8/8
  4756 | D:5      | Noticed Eustachio
  4770 | D:5      | Killed Eustachio
  4927 | D:4      | Mangled by a hornet

Levels and vault maps discovered:
D:1:      erik_arrival_orb_chamber, layout_basic
D:2:      layout_rooms, uniq_robin, uniq_terence
D:3:      layout_basic, first_ration
D:4:      layout_cave_pools, marbit_many_paths
D:5:      layout_layer_cave, basic_altar, uniq_eustachio, uniq_edmund

Skill      XL: |  1  2  3  4  5  6  7  8 |
---------------+-------------------------+-----
Slings         | 6 7 8 9 11 12 | 12.0
Fighting       | 2 |  2.9
Dodging        | 3 4 |  4.5
Stealth        | |  1.1

Action                   |  1- 3 |  4- 6 |  7- 9 || total
-------------------------+-------+-------+-------++-------
 Fire: Hunting sling     |    87 |   223 |   143 ||   453
  Use: Potion            |     6 |       |     1 ||     7
       Scroll            |       |     4 |     2 ||     6
  Eat: Ration            |       |     2 |     1 ||     3
Armor: Leather armour    |     1 |     9 |     4 ||    14
Dodge: Dodged            |     9 |    44 |    45 ||    98

Table legend:
 A = Non-vault XP
 B = Vault XP
 C = Vault XP percentage of total XP
 D = Non-vault monster count
 E = Vault monster count
 F = Vault count percentage of total count
                 A         B        C        D         E       F
            +---------+---------+-------+---------+---------+-------
      Total |     970 |     284 |  22.6 |      87 |      25 |  22.3
            +---------+---------+-------+---------+---------+-------
        D:1 |      55 |      35 |  38.9 |      27 |      17 |  38.6
        D:2 |     113 |      46 |  28.9 |      23 |       7 |  23.3
        D:3 |      53 |       0 |   0.0 |       7 |       0 |   0.0
        D:4 |     265 |       0 |   0.0 |      19 |       0 |   0.0
        D:5 |     484 |     203 |  29.5 |      11 |       1 |   8.3
            +---------+---------+-------+---------+---------+-------
